AoeStats
← Freedom Phantom

Arena

508518576Analyzed
1v1 RM · 9d ago on Sep 22, 2026· 76m 6s· 2 players
Game mode
Random Map
Map size
Tiny (2 player)
Population
200
Speed
Normal
Resources
Standard
Victory
Conquest
Starting age
Dark Age
Ending age
Imperial Age
RankedLock teamsTeams togetherTeam positionsShared explorationLock speedFull tech treeHidden civsTurbo modeCheats
Victory
Defeat
🇮🇹 Italians · Italy
1025
+16
🇷🇴 Spanish · Romania
1029
-16
Tosto
9:49 Feudal Age
13:47 Castle Age
11:54 Horse Collar
13:23 Stone Mining
13:51 Double-Bit Axe
22:01 Fletching
24:03 Gold Mining
26:47 Bow Saw
27:21 Sanctity
27:13 Fervor
27:28 Heavy Plow
31:30 Imperial Age
28:47 Loom
28:48 Town Watch
29:16 Padded Archer Armor
33:12 Chemistry
32:39 Block Printing
33:31 Conscription
33:23 Scale Mail Armor
33:34 Forging
34:50 Wheelbarrow
34:17 Town Patrol
35:52 Murder Holes
36:25 Leather Archer Armor
36:06 Bodkin Arrow
36:52 Masonry
38:27 Hoardings
38:18 Elite Genoese Crossbowman
39:29 Bracer
42:31 Squires
44:22 Ring Archer Armor
43:58 Scale Barding Armor
44:29 Iron Casting
44:39 Crop Rotation
45:12 Two-Man Saw
43:45 Elite Skirmisher
44:09 Pikeman
45:01 Husbandry
44:22 Light Cavalry
45:34 Bloodlines
47:03 Hussar
48:57 Chain Barding Armor
49:38 Blast Furnace
53:15 Plate Barding Armor
54:55 Chain Mail Armor
62:22 Ballistics
62:34 Architecture
73:31 Plate Mail Armor
74:21 Arson
Freedom Phantom
11:20 Feudal Age
13:04 Horse Collar
15:44 Castle Age
13:46 Double-Bit Axe
15:58 Loom
16:49 Wheelbarrow
26:37 Bow Saw
27:20 Hand Cart
26:50 Town Watch
27:32 Squires
26:53 Pikeman
27:48 Forging
27:46 Scale Barding Armor
29:20 Bloodlines
29:10 Husbandry
30:05 Iron Casting
30:05 Chain Barding Armor
30:46 Town Patrol
31:59 Scale Mail Armor
31:23 Elite Skirmisher
32:10 Thumb Ring
32:21 Fletching
33:53 Ballistics
36:39 Imperial Age
35:23 Light Cavalry
36:01 Bodkin Arrow
36:07 Padded Archer Armor
36:22 Chain Mail Armor
36:54 Cavalier
37:06 Hussar
38:50 Blast Furnace
40:16 Plate Barding Armor
40:05 Conscription
40:05 Bracer
40:21 Leather Archer Armor
40:30 Paladin
43:20 Chemistry
42:54 Plate Mail Armor
44:09 Ring Archer Armor
44:00 Halberdier
50:49 Two-Man Saw
51:38 Arson
Connection lost

Rejoining the realm…

Still unreachable

The connection could not be restored.

Session expired

The server has moved on; the page needs a fresh start.